 Dungeon Crawl Stone Soup version 0.28-a0-556-gab23d0e057 (webtiles) character file.

Game seed: 52124421007501777

14 miscthings the Cudgeller (level 2, 0/28 HPs)
             Began as a Naga Cinder Acolyte on Sept 29, 2021.
             Was a High Priest of Ignis.
             Slain by a quokka (3 damage)
             ... on level 1 of the Dungeon.
             The game lasted 00:01:18 (757 turns).

miscthings the Cudgeller (Naga Cinder Acolyte)       Turns: 757, Time: 00:01:18

Health: 0/28       AC:  1    Str: 16    XL:     2   Next: 45%
Magic:  3/3        EV:  9    Int: 14    God:    Ignis [*****.]
Gold:   5          SH:  0    Dex:  6    Spells: 3/3 levels left

rFire   + . .      SeeInvis +   a - -1 mace (flame)
rCold   . . .      Faith    .   (no shield)
rNeg    . . .      Spirit   .   b - +0 robe
rPois   +          Reflect  .   (no helmet)
rElec   .          Harm     .   (no cloak)
rCorr   .          Rampage  .   (no gloves)
Will    .....                   (no barding)
Stlth   +.........              (no amulet)
HPRegen 0.09/turn               (no ring)
MPRegen 0.08/turn               (no ring)

@: very slow
A: AC +0, large, see invisible, deformed body, poison resistance, slowness 2,
spit poison 1, naga tail 1
a: Spit Poison, Renounce Religion, Sea of Fire, Foxfire Swarm, Rising Flame


You were on level 1 of the Dungeon.
You worshipped Ignis.
Ignis was extremely pleased with you.
You visited 1 branch of the dungeon, and saw 1 of its levels.

You collected 5 gold pieces.

Inventory:

Hand Weapons
 a - a -1 mace of flaming (weapon)
Armour
 b - a +0 robe (worn)
Scrolls
 c - a scroll of blinking {unknown}
Potions
 d - a potion of invisibility {unknown}


   Skills:
 - Level 3.0 Fighting
 + Level 3.8 Maces & Flails
 - Level 1.0 Spellcasting
 - Level 3.0 Fire Magic


You had 3 spell levels left.
You didn't know any spells.
Your spell library contained the following spells:

 Spells                   Type           Power      Damage    Failure   Level
 Scorch                   Fire           18%        2d6       12%         2
 Foxfire                  Conj/Fire      16%        2x1d4     14%         1
 Ignite Poison            Fire/Tmut/Pois 3%         N/A       45%         3
 Orb of Destruction       Conj           0%         N/A       100%        7
 Chain Lightning          Conj/Air       0%         N/A       100%        9


Dungeon Overview and Level Annotations

Branches:
Dungeon (1/15)

Altars:


Innate Abilities, Weirdness & Mutations

Your serpentine skin is tough. (AC +0)
You have supernaturally acute eyesight. (SInv)
Armour fits poorly on your strangely shaped body.
Your system is resistant to poisons. (rPois)
You cover ground very slowly.
You can spit poison.
You have a snake-like lower body.


Message History

The quokka bites you.
You miss the quokka.
The quokka is almost dead.
The ball python closely misses you. The quokka barely misses you.
You closely miss the quokka.
The quokka is almost dead.
The ball python bites you but does no damage.
The quokka bites you. The ball python closely misses you.
The quokka bites you but does no damage.
Abil: Spit Poison
Press: ? - help, Q - select action Shift-Dir - straight line, f - ball python
Aim: a ball python The splash of poison hits the ball python!
The ball python is poisoned.
You kill the ball python!
The quokka bites you.
* * * LOW HITPOINT WARNING * * *
You barely miss the quokka.
The quokka is almost dead.
The quokka barely misses you.
The dart slug bites you but does no damage.
The quokka closely misses you.
You barely miss the quokka.
The quokka is almost dead.
The quokka bites you.
* * * LOW HITPOINT WARNING * * *
The dart slug bites you.
* * * LOW HITPOINT WARNING * * *
You closely miss the quokka.
The quokka is almost dead.
The quokka bites you.
* * * LOW HITPOINT WARNING * * *
The quokka bites you.
* * * LOW HITPOINT WARNING * * *
The dart slug bites you.
* * * LOW HITPOINT WARNING * * *
Flames leap up around you!
You have got your breath back.
The quokka bites you.
You die...

.. #..... #.#.
.....# .....
#.#..# .....
#.#..#
....#.##.#..#
.#..........#.###
.....vvvv..w...#
#..#.#wr##.#.#.#
#..#.#v@# #
#..#.#vv#
#..#.#vv##
#.##........##
#...............
#####.#..........
#.#..########
#####.#..####
####...[........


You could see a dart slug (ally target) and a quokka (ally target).

Vanquished Creatures
  An endoplasm (D:1)
  5 goblins (D:1)
  2 ball pythons (D:1)
  3 bats (D:1)
  A kobold (D:1)
  3 rats (D:1)
15 creatures vanquished.

Notes
Turn   | Place    | Note
-------+----------+-------------------------------------------
     0 | D:1      | miscthings the Naga Cinder Acolyte began the quest for the
                  | Orb.
     0 | D:1      | Reached XP level 1. HP: 21/21 MP: 2/2
   545 | D:1      | Reached XP level 2. HP: 24/28 MP: 3/3
   737 | D:1      | Got the Tome of Destructive Poisoning
   757 | D:1      | Slain by a quokka

Illustrated notes

Levels and vault maps discovered:
D:1:      kennysheep_arrival_forest, layout_loops_ring

Action                   || total
-------------------------++-------
Melee: Mace              ||    38
Invok: Foxfire Swarm     ||     1
 Abil: Spit Poison       ||     8
Armor: Robe              ||    13
Dodge: Dodged            ||    40

Table legend: (Time is in decaauts)
 A = Elapsed time spent in this place.
 B = Non-inter-level travel time spent in this place.
 C = Inter-level travel time spent in this place.
 D = Time resting spent in this place.
 E = Time spent auto-exploring this place.
 F = Levels seen in this place.
 G = Mean time per level.
                   A        B        C        D        E       F      G
               +--------+--------+--------+--------+--------+-----+--------+
         Total |    891 |    891 |      0 |    392 |    371 |   1 |  891.0 |
       Dungeon |    891 |    891 |      0 |    392 |    371 |   1 |  891.0 |
               +--------+--------+--------+--------+--------+-----+--------+

Top non-repeatable levels by time:
     D:1: 891 daAuts
